General information
- name: BNet
- type: Ladder team game (AT/RT)
- host: Battle.net
- saver: USIsASHlTHOLE
map: GoldRush
- players: 8
- length: 54:11
- speed: Fast
- version: 1.26 W3XP
- replay type: Public
» download(228 KB)
Players
team 1 (loser)

»
chaudevant (
blue | 27 APM | 1439 actions | 54:11)
5 Mountain King
2 Storm Bolt
1 Thunder Clap
2 Bash
» actions
| Basic commands | 4 | |
| Build / train | 82 | |
| Enter build submenu | 65 | |
| Enter hero's abilities submenu | 5 | |
| Give item / drop item | 6 | |
| Remove unit from queue | 1 | |
| Right click | 728 | |
| Select / deselect | 465 | |
| Use ability | 82 | |
1439 total
» units
| Peasant | 17 | |
| Footman | 6 | |
| Priest | 11 | |
| Gryphon Rider | 12 | |
| Spell Breaker | 2 | |
| Acolyte | 1 | |
| Crypt Fiend | 3 | |
52 total
» upgrades
| Swords | 2 | |
| Armor | 2 | |
| Priest Training | 2 | |
| Storm Hammers | 1 | |
| Control Magic | 1 | |
8 total
» buildings
| Farm | 17 | |
| Altar of Kings | 3 | |
| Barracks | 1 | |
| Lumber Mill | 1 | |
| Keep | 2 | |
| Arcane Vault | 2 | |
| Castle | 2 | |
| Gryphon Aviary | 5 | |
| Arcane Sanctum | 2 | |
| Blacksmith | 2 | |
| Town Hall | 4 | |
| Necropolis | 3 | |
| Crypt | 2 | |
| Altar of Darkness | 1 | |
| Ziggurat | 7 | |
| Scout Tower | 5 | |
| Graveyard | 1 | |
| Guard Tower | 5 | |
| Nerubian Tower | 2 | |
67 total
» build order
00:25 Farm
00:41 Altar of Kings
01:10 Farm
01:23 Barracks
01:28 Lumber Mill
02:30 Farm
03:10 Farm
03:31 Keep
03:35 Farm
03:53 Arcane Vault
04:56 Farm
05:37 Farm
06:03 Farm
06:39 Castle
06:56 Gryphon Aviary
07:02 Arcane Sanctum
07:41 Blacksmith
07:47 Gryphon Aviary
08:43 Farm
08:48 Arcane Sanctum
09:17 Farm
09:23 Farm
10:18 Farm
11:27 Farm
19:40 Town Hall
19:47 Town Hall
21:09 Farm
21:17 Altar of Kings
21:51 Gryphon Aviary
21:53 Gryphon Aviary
21:58 Blacksmith
22:27 Town Hall
22:45 Farm
24:00 Farm
24:13 Farm
24:25 Arcane Vault
24:30 Keep
25:34 Necropolis
25:39 Crypt
25:42 Altar of Darkness
25:53 Ziggurat
25:59 Ziggurat
26:18 Ziggurat
26:26 Ziggurat
26:33 Ziggurat
26:53 Castle
27:02 Scout Tower
27:27 Graveyard
27:36 Ziggurat
27:38 Crypt
27:46 Scout Tower
27:48 Guard Tower
27:55 Scout Tower
27:58 Scout Tower
28:10 Ziggurat
28:13 Nerubian Tower
28:16 Nerubian Tower
28:39 Scout Tower
28:41 Guard Tower
28:46 Guard Tower
28:50 Guard Tower
29:15 Guard Tower
29:22 Gryphon Aviary
31:02 Necropolis
32:22 Necropolis
35:18 Town Hall
36:29 Altar of Kings
» items
| Scroll of Healing | 1 | |
| Staff of Teleportation | 1 | |
| Scroll of Town Portal | 1 | |
| Orb of Fire | 1 | |
4 total
USIsASHlTHOLE (
yellow | 42 APM | 2296 actions | 54:11)
7 Archmage
3 Blizzard
3 Brilliance Aura
1 Mass Teleport
5 Dark Ranger
3 Black Arrow
2 Silence
1 Crypt Lord
1 Impale
» actions
| Assign group hotkey | 29 | |
| Basic commands | 254 | |
| Build / train | 127 | |
| Enter build submenu | 37 | |
| Enter hero's abilities submenu | 13 | |
| Give item / drop item | 11 | |
| Remove unit from queue | 3 | |
| Right click | 683 | |
| Select / deselect | 550 | |
| Select group hotkey | 502 | |
| Use ability | 85 | |
2296 total
» units
| Peasant | 16 | |
| Footman | 11 | |
| Gryphon Rider | 6 | |
| Dragonhawk Rider | 7 | |
| Siege Engine | 3 | |
43 total
» upgrades
| Lumber Harvesting | 2 | |
| Swords | 4 | |
| Masonry | 3 | |
| Animal War Training | 1 | |
| Armor | 3 | |
| Storm Hammers | 1 | |
| Plating | 3 | |
| Cloud | 1 | |
| Gunpowder | 3 | |
| Barrage | 1 | |
| Flak Cannons | 1 | |
| Backpack | 1 | |
| Flying Machine Bombs | 1 | |
| Fragmentation Shards | 1 | |
| Flare | 1 | |
| Magic Sentry | 1 | |
| Sorceress Training | 2 | |
| Priest Training | 2 | |
| Control Magic | 1 | |
| Long Rifles | 1 | |
| Defend | 1 | |
35 total
» buildings
| Altar of Kings | 1 | |
| Farm | 11 | |
| Barracks | 1 | |
| Keep | 1 | |
| Scout Tower | 12 | |
| Arcane Tower | 1 | |
| Lumber Mill | 1 | |
| Arcane Vault | 1 | |
| Castle | 1 | |
| Gryphon Aviary | 2 | |
| Blacksmith | 1 | |
| Town Hall | 3 | |
| Guard Tower | 13 | |
| Workshop | 2 | |
| Arcane Sanctum | 1 | |
52 total
» build order
00:03 Altar of Kings
00:07 Farm
00:10 Barracks
01:25 Farm
02:03 Farm
02:54 Keep
03:13 Scout Tower
03:30 Farm
03:43 Arcane Tower
04:44 Lumber Mill
04:52 Arcane Vault
06:20 Castle
08:02 Gryphon Aviary
08:07 Gryphon Aviary
08:23 Blacksmith
09:11 Farm
09:32 Town Hall
11:23 Farm
11:33 Farm
13:02 Farm
14:11 Scout Tower
14:12 Scout Tower
16:48 Guard Tower
16:48 Guard Tower
16:48 Guard Tower
16:57 Guard Tower
17:55 Scout Tower
17:57 Scout Tower
18:45 Guard Tower
21:17 Scout Tower
21:19 Scout Tower
21:25 Scout Tower
21:27 Scout Tower
21:59 Guard Tower
21:59 Guard Tower
22:14 Town Hall
24:26 Farm
24:27 Farm
26:22 Workshop
26:25 Workshop
29:23 Farm
30:25 Town Hall
31:12 Arcane Sanctum
32:46 Scout Tower
32:48 Scout Tower
32:50 Scout Tower
33:45 Guard Tower
34:09 Guard Tower
» items
| Staff of Teleportation | 1 | |
| Boots of Speed | 1 | |
| Scroll of Regeneration | 5 | |
| Scroll of Town Portal | 2 | |
| Orb of Fire | 1 | |
| Scroll of Healing | 2 | |
12 total

»
RUFFNUTT (
purple | 42 APM | 929 actions | 21:52)
2 Crypt Lord
1 Carrion Beetles
1 Spiked Carapace
» actions
| Assign group hotkey | 31 | |
| Basic commands | 60 | |
| Build / train | 58 | |
| Enter build submenu | 14 | |
| Enter hero's abilities submenu | 2 | |
| Right click | 416 | |
| Select / deselect | 198 | |
| Select group hotkey | 102 | |
| Use ability | 48 | |
929 total
» units
| Acolyte | 14 | |
| Ghoul | 6 | |
| Crypt Fiend | 12 | |
| Meatwagon | 5 | |
| Necromancer | 3 | |
| Banshee | 2 | |
42 total
» upgrades
| Web | 1 | |
| Creature Attack | 1 | |
| Exhume Corpses | 1 | |
3 total
» buildings
| Altar of Darkness | 1 | |
| Crypt | 1 | |
| Ziggurat | 6 | |
| Tomb of Relics | 1 | |
| Nerubian Tower | 1 | |
| Graveyard | 1 | |
| Spirit Tower | 4 | |
| Halls of the Dead | 1 | |
| Slaughterhouse | 1 | |
| Temple of the Damned | 1 | |
18 total
» build order
00:18 Altar of Darkness
00:29 Crypt
00:50 Ziggurat
00:58 Ziggurat
01:21 Tomb of Relics
02:22 Nerubian Tower
03:46 Graveyard
04:06 Ziggurat
04:39 Ziggurat
04:39 Ziggurat
05:12 Spirit Tower
05:15 Ziggurat
05:51 Spirit Tower
05:51 Spirit Tower
08:06 Halls of the Dead
12:44 Slaughterhouse
12:55 Temple of the Damned
16:34 Spirit Tower
» items
| Rod of Necromancy | 3 | |
| Dust of Appearance | 1 | |
4 total
fdb (
green | 8 APM | 378 actions | 48:54)
3 Archmage
2 Blizzard
1 Summon Water Elemental
» actions
| Basic commands | 33 | |
| Build / train | 56 | |
| Enter build submenu | 10 | |
| Enter hero's abilities submenu | 3 | |
| Right click | 149 | |
| Select / deselect | 79 | |
| Use ability | 48 | |
378 total
» units
» upgrades
» buildings
| Altar of Kings | 1 | |
| Arcane Vault | 1 | |
| Farm | 8 | |
| Barracks | 2 | |
| Keep | 1 | |
| Town Hall | 2 | |
| Blacksmith | 1 | |
16 total
» build order
00:09 Altar of Kings
00:45 Arcane Vault
01:43 Farm
01:46 Farm
01:47 Farm
01:48 Farm
03:25 Barracks
03:27 Barracks
06:26 Keep
25:43 Town Hall
26:23 Blacksmith
26:28 Farm
26:29 Farm
26:33 Farm
26:34 Farm
29:10 Town Hall
» items
| Scroll of Regeneration | 6 | |
| Lesser Clarity Potion | 6 | |
| Rod of Necromancy | 4 | |
16 total
team 2 (winner)
Cupid (
red | 40 APM | 2181 actions | 54:11)
8 Blademaster
3 Wind Walk
3 Critical Strike
1 Bladestorm
1 Mirror Image
» actions
| Assign group hotkey | 29 | |
| Basic commands | 53 | |
| Build / train | 82 | |
| Enter build submenu | 32 | |
| Enter hero's abilities submenu | 8 | |
| Give item / drop item | 5 | |
| Right click | 1236 | |
| Select / deselect | 335 | |
| Select group hotkey | 196 | |
| Use ability | 204 | |
2181 total
» units
| Peon | 18 | |
| Grunt | 4 | |
| Wind Rider | 10 | |
| Troll Batrider | 6 | |
38 total
» upgrades
| Ranged Weapons | 3 | |
| Armor | 3 | |
| Liquid Fire | 1 | |
| Envenomed Spears | 1 | |
8 total
» buildings
| Altar of Storms | 1 | |
| Orc Burrow | 6 | |
| Barracks | 1 | |
| Voodoo Lounge | 1 | |
| Stronghold | 1 | |
| Great Hall | 2 | |
| War Mill | 2 | |
| Watch Tower | 13 | |
| Beastiary | 5 | |
| Fortress | 1 | |
33 total
» build order
00:29 Altar of Storms
00:33 Orc Burrow
00:54 Barracks
01:23 Orc Burrow
01:48 Voodoo Lounge
02:58 Stronghold
03:56 Great Hall
04:23 War Mill
07:24 Watch Tower
07:29 Watch Tower
08:54 Watch Tower
08:55 Watch Tower
08:55 Watch Tower
08:58 Watch Tower
08:58 Watch Tower
09:29 Beastiary
09:33 Beastiary
10:59 Orc Burrow
11:01 Fortress
13:06 Orc Burrow
13:06 Orc Burrow
13:08 Orc Burrow
16:08 Watch Tower
16:09 Watch Tower
16:10 Watch Tower
16:10 Watch Tower
16:12 Watch Tower
16:16 Watch Tower
19:51 Great Hall
20:44 War Mill
24:50 Beastiary
24:51 Beastiary
24:51 Beastiary
» items
| Healing Salve | 4 | |
| Rod of Necromancy | 1 | |
| Potion of Mana | 5 | |
| Boots of Speed | 2 | |
| Scroll of Town Portal | 3 | |
| Lesser Clarity Potion | 4 | |
| Orb of Lightning | 1 | |
| Potion of Healing | 1 | |
| Periapt of Vitality | 1 | |
| Staff of Teleportation | 1 | |
| Scroll of Speed | 1 | |
24 total
SPECIAL-TEAMS (
pink | 34 APM | 1839 actions | 53:44)
1 Dreadlord
1 Sleep
4 Death Knight
2 Death Coil
1 Unholy Aura
1 Animate Dead
» actions
| Assign group hotkey | 49 | |
| Basic commands | 7 | |
| Build / train | 67 | |
| Enter build submenu | 19 | |
| Enter hero's abilities submenu | 5 | |
| Give item / drop item | 9 | |
| Remove unit from queue | 4 | |
| Right click | 775 | |
| Select / deselect | 333 | |
| Select group hotkey | 511 | |
| Use ability | 60 | |
1839 total
» units
| Acolyte | 22 | |
| Ghoul | 4 | |
| Crypt Fiend | 6 | |
| Frost Wyrm | 8 | |
40 total
» upgrades
| Web | 1 | |
| Burrow | 1 | |
| Creature Attack | 3 | |
| Creature Carapace | 2 | |
| Freezing Breath | 1 | |
8 total
» buildings
| Graveyard | 1 | |
| Crypt | 2 | |
| Altar of Darkness | 1 | |
| Ziggurat | 4 | |
| Tomb of Relics | 1 | |
| Nerubian Tower | 2 | |
| Spirit Tower | 2 | |
| Necropolis | 1 | |
| Black Citadel | 2 | |
| Sacrificial Pit | 1 | |
| Boneyard | 2 | |
19 total
» build order
00:08 Graveyard
00:11 Crypt
00:45 Altar of Darkness
01:02 Ziggurat
01:46 Tomb of Relics
02:05 Ziggurat
02:10 Nerubian Tower
02:10 Nerubian Tower
04:02 Ziggurat
08:12 Spirit Tower
09:22 Crypt
09:35 Necropolis
10:05 Black Citadel
10:05 Black Citadel
11:52 Sacrificial Pit
12:34 Ziggurat
13:41 Spirit Tower
13:44 Boneyard
13:45 Boneyard
» items
| Scroll of Town Portal | 2 | |
| Orb of Corruption | 1 | |
3 total
brony2369 (
orange | 20 APM | 1069 actions | 54:11)
7 Death Knight
3 Death Coil
3 Unholy Aura
1 Animate Dead
» actions
| Basic commands | 11 | |
| Build / train | 62 | |
| Enter build submenu | 20 | |
| Enter hero's abilities submenu | 7 | |
| Give item / drop item | 2 | |
| Remove unit from queue | 4 | |
| Right click | 607 | |
| Select / deselect | 296 | |
| Use ability | 60 | |
1069 total
» units
| Acolyte | 7 | |
| Ghoul | 10 | |
| Crypt Fiend | 4 | |
| Frost Wyrm | 8 | |
29 total
» upgrades
| Burrow | 1 | |
| Web | 1 | |
| Creature Attack | 3 | |
| Freezing Breath | 1 | |
| Creature Carapace | 2 | |
8 total
» buildings
| Altar of Darkness | 1 | |
| Ziggurat | 12 | |
| Crypt | 2 | |
| Tomb of Relics | 1 | |
| Graveyard | 1 | |
| Nerubian Tower | 1 | |
| Spirit Tower | 3 | |
| Halls of the Dead | 1 | |
| Black Citadel | 1 | |
| Sacrificial Pit | 1 | |
| Boneyard | 2 | |
26 total
» build order
00:10 Altar of Darkness
00:16 Ziggurat
00:36 Crypt
00:57 Tomb of Relics
01:26 Graveyard
01:31 Nerubian Tower
01:43 Ziggurat
02:55 Spirit Tower
03:35 Halls of the Dead
06:02 Black Citadel
06:08 Sacrificial Pit
07:25 Crypt
09:47 Boneyard
12:06 Ziggurat
12:08 Ziggurat
12:09 Ziggurat
14:09 Boneyard
16:19 Ziggurat
16:20 Ziggurat
16:21 Ziggurat
16:22 Ziggurat
16:34 Ziggurat
17:22 Ziggurat
17:23 Ziggurat
19:24 Spirit Tower
19:30 Spirit Tower
» items
| Rod of Necromancy | 1 | |
| Scroll of Town Portal | 3 | |
| Orb of Corruption | 1 | |
| Potion of Healing | 1 | |
| Potion of Mana | 1 | |
7 total

»
Raging-Noobie (
teal | 41 APM | 337 actions | 08:07)
2 Death Knight
1 Death Coil
1 Unholy Aura
» actions
| Basic commands | 8 | |
| Build / train | 38 | |
| Enter build submenu | 10 | |
| Enter hero's abilities submenu | 2 | |
| Right click | 148 | |
| Select / deselect | 95 | |
| Use ability | 36 | |
337 total
» units
» buildings
| Altar of Darkness | 1 | |
| Ziggurat | 7 | |
| Crypt | 1 | |
| Tomb of Relics | 1 | |
| Graveyard | 1 | |
| Nerubian Tower | 3 | |
| Halls of the Dead | 5 | |
19 total
» build order
00:07 Altar of Darkness
00:09 Ziggurat
00:36 Crypt
00:58 Ziggurat
01:24 Tomb of Relics
03:34 Graveyard
03:37 Ziggurat
03:55 Nerubian Tower
03:57 Nerubian Tower
04:30 Halls of the Dead
04:30 Halls of the Dead
04:30 Halls of the Dead
04:31 Halls of the Dead
04:47 Nerubian Tower
05:41 Ziggurat
05:42 Ziggurat
05:44 Ziggurat
05:45 Ziggurat
» items
Chat log
(00:05 / All) RUFFNUTT: most level 1's in a game
(00:07 / All) Cupid: Hey faggots
(00:08 / All) RUFFNUTT: i seen
(00:10 / All) RUFFNUTT: in a long time
(00:11 / Allies) chaudevant: they got 2 tk
(00:12 / All) Cupid: What are you wearing tonight
(00:19 / All) Raging-Noobie: nothing
(00:21 / All) RUFFNUTT: shorts
(00:22 / Allies) USIsASHlTHOLE: how do you know?
(00:23 / All) RUFFNUTT: t shirt
(00:25 / All) Cupid: Sexy
(00:26 / All) Cupid: Sexy
(00:33 / Allies) chaudevant: remember names
(00:35 / Allies) chaudevant: :)
(00:37 / All) SPECIAL-TEAMS: we don't have 2 tk blue
(00:46 / All) chaudevant: n u mh
(00:47 / All) chaudevant: ;)
(01:01 / All) USIsASHlTHOLE: maphack doesn't show other chat, you goddamn fucking retard
(01:12 / Allies) RUFFNUTT: does it show pings?
(01:14 / All) Cupid: You better not remember my name blue
(01:20 / Allies) USIsASHlTHOLE: yes
(01:30 / Allies) RUFFNUTT: dam
(01:36 / Allies) chaudevant: how does he know wat im saying
(01:41 / Allies) RUFFNUTT: hax
(01:43 / Allies) chaudevant: if he not mh
(01:43 / Allies) RUFFNUTT: jsut be aware
(01:45 / Allies) chaudevant: yellow
(01:47 / Allies) USIsASHlTHOLE: idk, but hacks can't
(01:52 / Allies) RUFFNUTT: yes
(01:53 / Allies) USIsASHlTHOLE: yes?
(01:55 / Allies) RUFFNUTT: everybody i have seen that has map hacks
(01:57 / Allies) RUFFNUTT: can see chat
(01:59 / Allies) RUFFNUTT: it includes that
(02:01 / Allies) chaudevant: thats it.
(02:03 / Allies) RUFFNUTT: in the cheat program
(02:07 / Allies) USIsASHlTHOLE: yhack and zmap don't
(02:13 / Allies) RUFFNUTT: well
(02:16 / Allies) RUFFNUTT: just my experience
(02:20 / Allies) USIsASHlTHOLE: unless it's some paid shit nobody uses
(02:25 / Allies) RUFFNUTT: idk
(02:28 / Allies) RUFFNUTT: but
(02:30 / Allies) RUFFNUTT: they always seem to
(02:31 / Allies) USIsASHlTHOLE: I have played many a hacker, it doesn't
(02:42 / Allies) RUFFNUTT: separate hack maybe
(02:43 / Allies) chaudevant: yes yelow
(02:47 / Allies) chaudevant: he was just guessing
(02:53 / Allies) fdb: go purple
(02:59 / Allies) RUFFNUTT: go do what?
(03:03 / Allies) RUFFNUTT: die?
(03:04 / Allies) fdb: harass
(03:10 / Allies) fdb: kill the ghouls
(03:13 / Allies) RUFFNUTT: ill do my best
(03:19 / Allies) chaudevant: wait
(03:20 / Allies) chaudevant: purpl
(03:22 / Allies) chaudevant: i come
(03:24 / Allies) RUFFNUTT: ok
(04:51 / Allies) RUFFNUTT: he got no acos
(04:55 / Allies) RUFFNUTT: took em out
(05:31 / Allies) USIsASHlTHOLE: looks like tech or fast expo
(05:43 / Allies) RUFFNUTT: doesnt matter
(05:44 / Allies) RUFFNUTT: he can't survive
(05:53 / Allies) USIsASHlTHOLE: yes it does retard, we can find and hit the expo
(05:58 / Allies) RUFFNUTT: wow
(06:01 / Allies) RUFFNUTT: suck my dick
(06:04 / Allies) RUFFNUTT: learn some manners
(06:05 / Allies) USIsASHlTHOLE: umad
(06:10 / Allies) RUFFNUTT: ill scout for the expo
(06:13 / Allies) RUFFNUTT: which you could have asked me to do
(06:20 / Allies) RUFFNUTT: how is retail, by the way?
(06:23 / Allies) RUFFNUTT: since you can't get along with anyone
(06:36 / Allies) USIsASHlTHOLE: I'm working on a theoretical physics phd so it's pretty good to make money meanwhile sir
(06:44 / Allies) RUFFNUTT: ahahhahahaha
(06:45 / All) fdb: LOL
(06:45 / Allies) RUFFNUTT: sure
(06:59 / Allies) USIsASHlTHOLE: Studying at UBC and transferring to cambridge soon
(07:12 / Allies) RUFFNUTT: what do you think about string theory?
(07:18 / Allies) chaudevant: LOL
(07:27 / Allies) RUFFNUTT: no exp
(07:28 / Allies) RUFFNUTT: by the way
(07:35 / Allies) USIsASHlTHOLE: it's something highschool dropouts like you couldn't explain and even a fair amount of physicists have a bit of trouble with it
(07:40 / Allies) USIsASHlTHOLE: due to the mathematical basis behind it
(07:45 / Allies) RUFFNUTT: its horse shit
(07:47 / Allies) RUFFNUTT: and you know it
(07:47 / Allies) USIsASHlTHOLE: lol
(07:54 / Allies) USIsASHlTHOLE: it's integrated into M theory and vital to physics today
(07:56 / Allies) RUFFNUTT: fairy tale math
(08:03 / Allies) USIsASHlTHOLE: wood
(08:09 / All) fdb: LOL RED
(08:13 / All) fdb: DONT HATE
(08:14 / Allies) USIsASHlTHOLE: ty purp
(08:19 / Allies) RUFFNUTT: np
(08:19 / Allies) RUFFNUTT: see
(08:21 / Allies) RUFFNUTT: i still have manner
(08:39 / Allies) USIsASHlTHOLE: didn't really mean anything I said earlier, it's nothing personal btw. I insult everyone in 4v4
(08:44 / Allies) RUFFNUTT: well
(08:52 / Allies) RUFFNUTT: here's something physics won't teach you
(08:59 / Allies) RUFFNUTT: you catch more flies with honey than vinegar
(09:02 / Allies) RUFFNUTT: or in ur case
(09:03 / Allies) RUFFNUTT: venom
(09:29 / Allies) fdb: finish this game
(09:40 / Allies) USIsASHlTHOLE: expo imo, better to get further ahead
(09:42 / Allies) RUFFNUTT: red is twoering up
(10:13 / Allies) RUFFNUTT: anyway
(10:17 / Allies) RUFFNUTT: i was a physics major too
(10:21 / Allies) RUFFNUTT: but had to change to engineering
(10:21 / Allies) USIsASHlTHOLE: nice
(10:28 / Allies) USIsASHlTHOLE: engineering is cool too imo
(10:34 / Allies) RUFFNUTT: i also have to work
(10:36 / Allies) USIsASHlTHOLE: my dad was an engineer
(10:39 / Allies) RUFFNUTT: cant compete with asian kids
(10:42 / Allies) RUFFNUTT: who dont have to have a job
(10:45 / Allies) USIsASHlTHOLE: lol
(10:55 / Allies) fdb: ok, i wanted a quicker game
(11:00 / Allies) fdb: im done
(11:02 / Allies) fdb: brb
(11:03 / Allies) RUFFNUTT: kill all ur worker
(11:04 / Allies) RUFFNUTT: noob
(11:17 / Allies) fdb: it was over if you just kept attacking
(11:38 / Allies) fdb: now we have to go another 20 minutes because everyone is towering now
(11:51 / Allies) fdb: its kinda stupid
(11:53 / Allies) chaudevant: we playing
(11:55 / Allies) RUFFNUTT: i can't play a small enough violin for you
(11:56 / Allies) chaudevant: in order to gave fun
(11:57 / Allies) fdb: this game was won
(12:05 / Allies) RUFFNUTT: blue just fyi u got a few footmans here
(12:14 / All) RUFFNUTT: nice
(12:26 / Allies) chaudevant: gladiator fighttt
(12:28 / Allies) RUFFNUTT: hahahaha
(12:47 / Allies) RUFFNUTT: i am getting seige
(12:48 / Allies) RUFFNUTT: for those tower
(13:20 / All) RUFFNUTT: give up
(13:30 / All) SPECIAL-TEAMS: okay
(13:39 / All) chaudevant: lol at pink
(13:45 / Allies) fdb: 3v3 now
(13:48 / Allies) chaudevant: green
(13:54 / Allies) chaudevant: mayb pink rebuilded
(13:56 / Allies) chaudevant: so play
(13:57 / Allies) RUFFNUTT: he's a sore winner
(14:04 / Allies) RUFFNUTT: i dunno why he even plays video games
(14:08 / Allies) RUFFNUTT: its for fun i thought
(14:11 / Allies) RUFFNUTT: but maybe thats just me
(15:57 / Allies) RUFFNUTT: wyvern
(15:58 / Allies) RUFFNUTT: from red
(16:09 / Allies) chaudevant: xplore this
(16:10 / Allies) RUFFNUTT: nothing there
(16:16 / Allies) RUFFNUTT: lets met
(16:19 / Allies) RUFFNUTT: take teal
(17:14 / Allies) RUFFNUTT: frosty and fiend
(17:15 / Allies) RUFFNUTT: from oj
(17:23 / All) SPECIAL-TEAMS: can u guys plz leave
(17:25 / All) SPECIAL-TEAMS: ur gonna get raped
(17:29 / All) SPECIAL-TEAMS: orange is pro
(17:30 / All) RUFFNUTT: idc
(18:44 / Allies) chaudevant: out
(19:02 / Allies) RUFFNUTT: keep up
(19:05 / Allies) RUFFNUTT: geurilla tactic
(19:22 / Allies) RUFFNUTT: too bad gren quit
(19:26 / Allies) RUFFNUTT: or we would have much better chance
(19:29 / Allies) chaudevant: gold pls
(19:30 / Allies) chaudevant: pls
(19:31 / Allies) chaudevant: pls
(19:34 / Allies) chaudevant: got noene expo
(20:12 / All) SPECIAL-TEAMS: runny little child molesters
(20:13 / Allies) chaudevant: we lost
(20:17 / Allies) chaudevant: green a fucking homo
(20:17 / Allies) RUFFNUTT: gren's fault
(20:21 / Allies) RUFFNUTT: :D
(20:22 / Allies) RUFFNUTT: well
(20:23 / Allies) USIsASHlTHOLE: fuck green
(20:27 / Allies) RUFFNUTT: yellow blue
(20:27 / Allies) chaudevant: yelllow
(20:30 / Allies) fdb: you should have listened
(20:31 / Allies) chaudevant: u did nothing too
(20:32 / Allies) RUFFNUTT: as teammate
(20:39 / All) RUFFNUTT: gg
(20:41 / Allies) fdb: my harass won game at start
(20:42 / All) RUFFNUTT: green didnt do anything
(20:45 / Allies) RUFFNUTT: no
(20:46 / Allies) fdb: allyou had to do was move to red
(20:49 / Allies) RUFFNUTT: and then told me to suicide
(20:51 / All) SPECIAL-TEAMS: you didn't have a chance sir
(20:55 / All) RUFFNUTT: srs
(20:57 / Allies) fdb: so you lost
(20:58 / All) RUFFNUTT: green didn't do anything
(21:02 / All) RUFFNUTT: after he lost his AM at the start
(21:05 / All) RUFFNUTT: he just went afk
(21:11 / All) RUFFNUTT: and complained
(21:27 / Allies) chaudevant: pool
(21:28 / Allies) chaudevant: purp
(21:38 / Allies) chaudevant: yellow
(21:39 / Allies) RUFFNUTT: i am leaving
(21:41 / Allies) RUFFNUTT: sorry guys
(21:41 / Allies) chaudevant: u fuckign have 3k
(21:44 / Allies) RUFFNUTT: its hopeless
(21:44 / Allies) chaudevant: nice joke
(21:50 / All) RUFFNUTT: gg
(22:33 / All) SPECIAL-TEAMS: take teal's shit
(22:36 / All) SPECIAL-TEAMS: where u at
(22:37 / Allies) chaudevant: wtf
(22:44 / Allies) USIsASHlTHOLE: I can't take them
(22:51 / Allies) chaudevant: hit expos
(22:52 / Allies) chaudevant: ..
(22:56 / All) SPECIAL-TEAMS: yes u can idiot
(23:23 / All) SPECIAL-TEAMS: where the fuck is ur army
(23:31 / All) chaudevant: u mh
(23:35 / All) chaudevant: supposing to know
(23:36 / All) chaudevant: fucker
(23:47 / All) Cupid: lol
(23:50 / All) Cupid: Quebec?
(23:55 / All) chaudevant: wi
(24:08 / All) Cupid: supposing to know
(24:41 / All) chaudevant: yellow raped everyone
(24:41 / All) chaudevant: LOL
(24:55 / Allies) chaudevant: go counter jesus
(25:01 / All) Cupid: Lol, very observant of you
(25:02 / Allies) USIsASHlTHOLE: sec
(25:39 / All) Cupid: Kill orange's base
(25:44 / All) SPECIAL-TEAMS: red has not commented that my shade is following him, very disappointing
(25:46 / All) USIsASHlTHOLE: ok?
(25:47 / All) Cupid: he massed towers, your dhawks are necessary
(26:06 / All) USIsASHlTHOLE: Sec then, I forgot about cloud due to lumber shortages earlier
(26:59 / All) Cupid: Let me get blue real fast
(27:10 / All) chaudevant: hey
(27:12 / Allies) USIsASHlTHOLE: wtf
(27:15 / All) chaudevant: -___-
(27:39 / All) brony2369: not sure what is going on this game but ok
(28:12 / All) Cupid: nice change of direction
(28:16 / All) fdb: you just lost
(28:17 / All) SPECIAL-TEAMS: bye bye
(28:28 / All) USIsASHlTHOLE: shut up green, you did nothing the whole game. not your victory
(28:30 / All) fdb: IM KING, BITCH!
(28:45 / All) fdb: i won this game long ago
(28:51 / All) USIsASHlTHOLE: you didn't, we 3 did
(28:52 / All) fdb: like five minutes into it
(29:15 / All) fdb: even red knows it
(29:22 / All) fdb: spitful bitch
(29:23 / All) Cupid: No, that's false
(29:32 / All) SPECIAL-TEAMS: heil benito mussolini
(29:34 / All) fdb: DONT HATE
(29:48 / All) Cupid: I was looking for your low health AM
(29:55 / All) Cupid: Saw your base was ripe for the pickin'
(30:08 / All) fdb: game was over
(30:11 / Allies) chaudevant: GREEN
(30:13 / Allies) USIsASHlTHOLE: WTF
(30:14 / Allies) chaudevant: WTF U DOING
(30:15 / Allies) USIsASHlTHOLE: fucking green
(30:19 / All) Cupid: Evidently not
(30:19 / Allies) USIsASHlTHOLE: you piece of trash
(30:23 / All) fdb: dumbasses could have just moved to you
(30:33 / All) fdb: and it would have been gg 20 minutes ago
(30:40 / All) SPECIAL-TEAMS: green, yellow's aka is kodos_forsaken he is a pro
(30:40 / Allies) chaudevant: SHUT UP
(30:41 / All) fdb: AM raped you
(30:42 / Allies) chaudevant: FUCKER
(30:49 / All) fdb: DONT HATE THE AM
(30:56 / All) fdb: HE IS KING
(31:01 / Allies) USIsASHlTHOLE: backstabbing piece of trash
(31:36 / Allies) USIsASHlTHOLE: piece of shit
(31:39 / Allies) USIsASHlTHOLE: hate fags like you
(31:44 / Allies) fdb: i won this game for you
(31:48 / Allies) USIsASHlTHOLE: LOL sure
(31:55 / Allies) fdb: you were slow as shit
(32:02 / Allies) USIsASHlTHOLE: i was creeping
(32:04 / All) SPECIAL-TEAMS: IGN gave kingdoms of amalur a 10/10, only uncharted 3 ever got that score.
(32:19 / All) Cupid: IGN was bought
(32:19 / All) SPECIAL-TEAMS: ign is the only respectable reviewer sit
(32:21 / All) fdb: ign sucks
(32:22 / All) Cupid: Probably red sox fans
(32:29 / All) fdb: find some real reviews
(32:31 / All) SPECIAL-TEAMS: g4tv and gamespot are the others
(32:35 / All) fdb: gamespy blows
(32:39 / All) fdb: and so on
(32:53 / All) fdb: their whole franchise blows
(33:03 / All) SPECIAL-TEAMS: whats ur favorite game/genre green
(33:13 / All) fdb: pocket pool
(33:20 / All) SPECIAL-TEAMS: the hell is that
(33:27 / All) SPECIAL-TEAMS: i meant video games
(33:34 / All) fdb: im playing it right now
(33:40 / All) fdb: since yellow killed me
(33:48 / All) fdb: i play rts
(33:53 / All) USIsASHlTHOLE: because you backstabbed unsummoning purp
(33:54 / All) USIsASHlTHOLE: fag
(34:10 / All) fdb: yellow, that must have been blue
(34:10 / Allies) chaudevant: YELOW
(34:13 / Allies) chaudevant: WE SHOUD GO
(34:16 / All) fdb: i was smoking a bowl
(34:19 / All) SPECIAL-TEAMS: orange are you here
(34:26 / Allies) chaudevant: YELOW
(34:28 / Allies) USIsASHlTHOLE: sec
(34:43 / Allies) fdb: seriously yellow, i have no reason to lie
(34:44 / Allies) USIsASHlTHOLE: k lets go
(34:50 / Allies) fdb: i didnt touch purple
(34:51 / Allies) chaudevant: U TP
(34:52 / Allies) chaudevant: U AM
(34:56 / Allies) chaudevant: ;P
(34:56 / Allies) USIsASHlTHOLE: huh?
(35:06 / Allies) USIsASHlTHOLE: it was jerking off in my base for some reason
(35:08 / Allies) chaudevant: GET AM TO TP
(35:09 / Allies) chaudevant: MAN
(35:14 / Allies) USIsASHlTHOLE: just hit
(35:15 / Allies) USIsASHlTHOLE: we won
(35:31 / Allies) USIsASHlTHOLE: what are you doing?
(35:34 / Allies) fdb: i think you need more expos
(35:42 / Allies) chaudevant: SAQW AN EXPO
(35:42 / Allies) fdb: you bitches are gonna lose
(35:49 / All) fdb: blue is retarded
(35:54 / Allies) chaudevant: U RETARDED
(35:58 / All) USIsASHlTHOLE: yeah he is just running around, wtf
(35:58 / Allies) chaudevant: SHUT UP NIGGER
(36:01 / All) USIsASHlTHOLE: waiting on him to attack
(36:06 / Allies) chaudevant: LOLOL
(36:26 / All) SPECIAL-TEAMS: lawl peasants on patrol possessed
(36:29 / All) SPECIAL-TEAMS: looks crazy
(36:47 / Allies) chaudevant: WTF U DOIGN YELLOW
(37:12 / All) USIsASHlTHOLE: what you talking about man?
(37:17 / Allies) chaudevant: YELLOW
(37:17 / All) USIsASHlTHOLE: I just won us the game by killing red
(37:18 / All) USIsASHlTHOLE: dude
(37:32 / All) fdb: you bsed me
(37:36 / Allies) chaudevant: U BACKSTABBER YELLOW
(37:37 / All) USIsASHlTHOLE: you fucking unsummoned
(37:39 / Allies) chaudevant: FUCKER
(37:40 / All) USIsASHlTHOLE: prick
(37:42 / All) fdb: when its been blue all along
(37:42 / Allies) chaudevant: LIKE GREEN
(37:52 / All) fdb: i could have been mining
(37:55 / All) USIsASHlTHOLE: ok listen up
(37:56 / Allies) chaudevant: GREEN UNSUMMONED
(38:00 / Allies) chaudevant: DONT SAY ITS ME
(38:00 / All) USIsASHlTHOLE: we are doing a "mexican standoff"
(38:05 / All) fdb: I COULD HAVE BEEN RICH!
(38:08 / All) USIsASHlTHOLE: we will kill everything, including our own stuff
(38:12 / All) USIsASHlTHOLE: we will leave
(38:15 / All) fdb: RICH!!!!
(38:15 / All) USIsASHlTHOLE: best internet wins
(38:17 / All) USIsASHlTHOLE: sound fair?
(38:30 / Allies) fdb: yellow share units
(38:35 / Allies) USIsASHlTHOLE: lol
(38:41 / Allies) fdb: i want to expo stuff
(38:44 / All) SPECIAL-TEAMS: could u see that turncoat?
(38:45 / Allies) fdb: do et
(38:47 / All) SPECIAL-TEAMS: mini map?
(38:54 / All) USIsASHlTHOLE: it's a standoff sir
(39:02 / Allies) fdb: share units
(39:03 / All) SPECIAL-TEAMS: i dont think orange will stay bu tokay
(39:07 / All) SPECIAL-TEAMS: we know green wont
(39:11 / All) SPECIAL-TEAMS: blue vs orange
(39:19 / All) Cupid: Orange will stay
(39:23 / All) Cupid: He's exactly 50%
(39:24 / All) fdb: 4 life
(39:30 / All) SPECIAL-TEAMS: also, our last couple standoffs still havne't updated yet
(39:32 / All) SPECIAL-TEAMS: pissing me off
(39:35 / Allies) fdb: yellow
(39:40 / Allies) fdb: share bitch
(39:41 / All) USIsASHlTHOLE: that sucks
(39:47 / All) SPECIAL-TEAMS: green u want to join us after this game?
(39:48 / Allies) USIsASHlTHOLE: no, it's a standoff. everyone has an equal chance
(39:50 / Allies) fdb: so i can mine stuff
(39:52 / Allies) USIsASHlTHOLE: that would tip the tide too much
(39:59 / Allies) chaudevant: LOL
(40:01 / Allies) chaudevant: PRO
(40:01 / All) brony2369: this is weird yet fun to watch
(40:13 / Allies) fdb: they have 3 towns
(40:19 / All) SPECIAL-TEAMS: leave the ahdes bob
(40:21 / Allies) fdb: you know you need me
(40:27 / Allies) fdb: im pro miner
(40:28 / All) Cupid: I planned on it
(40:32 / All) Cupid: Since no food
(40:40 / All) fdb: im the best there every was!
(40:49 / Allies) chaudevant: YELOW IS
(40:50 / All) SPECIAL-TEAMS: i feel bad for that punt returner
(40:51 / All) brony2369: pokemon
(40:54 / All) fdb: IM ON TOP OF THE WORLD!
(40:56 / All) SPECIAL-TEAMS: bay area media gonna rape his ass
(41:00 / All) Cupid: I don't he's a dumb nigger
(41:00 / Allies) USIsASHlTHOLE: Blue, don't worry. Remember the standoff I explained earlier?
(41:06 / Allies) USIsASHlTHOLE: You and everyone else still have a chance
(41:09 / All) SPECIAL-TEAMS: wtf was he thinking on first fumble
(41:09 / Allies) chaudevant: :(
(41:10 / Allies) fdb: yellow
(41:13 / Allies) chaudevant: =P
(41:15 / All) Cupid: He's MVP for Giants
(41:18 / Allies) chaudevant: u killed me
(41:22 / Allies) chaudevant: sniff sniff :(
(41:23 / All) Cupid: And Jacoby Jones was MVP for Ravens last week
(41:26 / Allies) USIsASHlTHOLE: nothing personal sir
(41:44 / All) SPECIAL-TEAMS: i fucking hate the ravens glad they gone
(42:03 / All) chaudevant: another gladiator fiht
(42:05 / All) chaudevant: this time
(42:10 / All) chaudevant: betwen peon n acooo
(42:15 / All) chaudevant: acoo win
(42:19 / All) fdb: ok, brb, playing another game on my other key
(42:21 / All) chaudevant: but no longer stayed alive
(42:22 / All) fdb: this is boring
(42:30 / All) fdb: yellow is boring
(42:32 / All) USIsASHlTHOLE: Like I said, best internet wins green
(42:34 / All) USIsASHlTHOLE: You can go afk
(42:35 / All) fdb: yea, i said it
(42:46 / All) SPECIAL-TEAMS: everything set up? we have no shit
(42:47 / All) chaudevant: red got owned
(42:48 / All) chaudevant: lol
(42:57 / All) USIsASHlTHOLE: red needs to kill his army and I'll doublecheck for allied shit
(43:03 / All) brony2369: well shit lol now i know what is going on
(43:07 / All) SPECIAL-TEAMS: we have 2 shades that sit
(43:18 / All) chaudevant: rouge
(43:22 / All) SPECIAL-TEAMS: orange u gonna stay ?
(43:22 / All) chaudevant: stu fais
(43:23 / All) chaudevant: :P
(43:27 / All) brony2369: yep
(43:27 / All) USIsASHlTHOLE: I do not see any workers on our side at all
(43:38 / All) SPECIAL-TEAMS: blue vs orange, person with best internet connection wins
(43:43 / All) fdb: my internet has been up for 2 years
(43:43 / All) SPECIAL-TEAMS: wait
(43:45 / All) SPECIAL-TEAMS: wait
(43:46 / All) SPECIAL-TEAMS: itachi
(43:55 / All) USIsASHlTHOLE: ?
(43:59 / All) fdb: im going to win this
(44:09 / All) chaudevant: everyone could see everyone
(44:10 / All) chaudevant: lolol
(44:17 / All) brony2369: dont think so
(44:25 / All) USIsASHlTHOLE: Now my army dies
(44:34 / All) USIsASHlTHOLE: No food on your side right?
(44:44 / All) SPECIAL-TEAMS: nvm
(44:59 / All) fdb: lol, im glad i have two cdkeys
(45:09 / All) brony2369: same lol
(45:10 / All) fdb: i wouldnt be able to play
(45:11 / All) chaudevant: yellow
(45:12 / All) USIsASHlTHOLE: I have 3
(45:18 / All) Cupid: I have 23
(45:19 / All) chaudevant: would u explain me the plan
(45:20 / All) chaudevant: aga
(45:21 / All) chaudevant: lol
(45:30 / All) USIsASHlTHOLE: We kill everything including our own stuff
(45:38 / All) USIsASHlTHOLE: Nothing can be made at all, no untis to attack other players
(45:43 / All) USIsASHlTHOLE: Best internet wins
(45:48 / All) chaudevant: of course
(45:49 / All) chaudevant: lol
(45:51 / All) brony2369: i win lol
(46:05 / All) SPECIAL-TEAMS: orange keep that shade alive sir
(46:07 / All) SPECIAL-TEAMS: it is up tot you
(46:10 / All) SPECIAL-TEAMS: towers can detect it
(46:18 / All) brony2369: weeeee
(46:37 / All) fdb: red has a hall
(46:43 / All) fdb: its gg for him
(46:51 / All) SPECIAL-TEAMS: u got an arcane tower?
(46:56 / All) USIsASHlTHOLE: He doesn't, red, pink and I were in on it
(46:59 / All) SPECIAL-TEAMS: can reveal with it
(47:02 / All) USIsASHlTHOLE: No
(47:09 / Allies) fdb: see that
(47:12 / Allies) fdb: red wins
(47:18 / All) Cupid: I <3 country
(47:19 / All) chaudevant: next time
(47:21 / Allies) USIsASHlTHOLE: He has nothing, I worked with him this game
(47:23 / All) brony2369: well ima take a bath
(47:25 / All) chaudevant: ill kill yellow b4 he kill me
(47:27 / Allies) fdb: like two hours from now red will make stuff and win
(47:28 / All) Cupid: a bath?
(47:29 / All) SPECIAL-TEAMS: and blue
(47:30 / All) USIsASHlTHOLE: it's set up
(47:32 / All) SPECIAL-TEAMS: if u leave ur comps on all night
(47:32 / All) USIsASHlTHOLE: No units at all
(47:34 / All) SPECIAL-TEAMS: ill whisper u tomorrow
(47:36 / All) USIsASHlTHOLE: LET IT BEGIN, LET IT BEGIN
(47:38 / All) SPECIAL-TEAMS: to see if ur still online
(47:40 / All) chaudevant: lol
(47:40 / All) brony2369: lol
(47:42 / All) fdb: red has hall
(47:44 / All) Cupid: Orange you take baths?
(47:48 / All) USIsASHlTHOLE: Good luck everyone
(47:51 / All) brony2369: yes?
(47:53 / All) fdb: like two hours from now red will build
(47:55 / All) Cupid: Why
(48:01 / All) brony2369: why noy
(48:02 / All) fdb: and win game
(48:03 / All) Cupid: You're sitting in your filth
(48:06 / All) fdb: this game is rigged
(48:14 / All) USIsASHlTHOLE: The stakes were rigged from the start
(48:14 / All) brony2369: they are relaxing
(48:19 / All) SPECIAL-TEAMS: who has the best internet here
(48:20 / All) Cupid: Maybe if you use bubbles
(48:29 / All) fdb: i was actually going to play this out
(48:30 / All) brony2369: yes and jets
(48:39 / All) fdb: but now red has an advantage
(48:41 / All) SPECIAL-TEAMS: orange and blue, try to leave ur comptuers running for like a week, that way the game length is like 100 hours
(48:43 / All) Cupid: You are a pansy
(48:43 / All) USIsASHlTHOLE: He has no hall
(48:47 / All) fdb: G
(48:49 / All) Cupid: Ninny sissy boy
(48:49 / All) fdb: G
(48:51 / All) USIsASHlTHOLE: Red, tell them all the turth
(48:53 / All) USIsASHlTHOLE: *Truth
(48:56 / All) SPECIAL-TEAMS: orange and blue, cna you do that?
(49:07 / All) USIsASHlTHOLE: You all have an equal chance of winning
(49:08 / All) brony2369: lol yep
(49:11 / All) USIsASHlTHOLE: We will depart shortly
(49:15 / All) SPECIAL-TEAMS: i swear to god orange
(49:17 / All) SPECIAL-TEAMS: ill whisper u tomorrow
(49:19 / All) SPECIAL-TEAMS: if ur still on
(49:22 / All) SPECIAL-TEAMS: and this game is still going on
(49:27 / All) brony2369: i plan on it
(49:27 / All) USIsASHlTHOLE: Highper.ch replay btw
(49:32 / All) USIsASHlTHOLE: If you plan on reviewing it
(49:34 / All) Cupid: Did green not detect our collusion?
(49:40 / All) Cupid: lol
(49:40 / All) SPECIAL-TEAMS: don't unplug ur modem or w/e
(49:57 / All) Cupid: Don't let your French character shine through
(49:58 / All) SPECIAL-TEAMS: i was gonna say teal has one food left
(50:00 / All) Cupid: Gut this own out to redeem your people
(50:23 / All) USIsASHlTHOLE: Final gold count: 6691
(50:25 / All) SPECIAL-TEAMS: is blu ehere
(50:28 / All) SPECIAL-TEAMS: 1 gold here
(50:28 / All) USIsASHlTHOLE: Final lumber count: 2442
(50:30 / All) USIsASHlTHOLE: He is ingame
(50:35 / All) brony2369: showers ate good to but im lazzy
(50:36 / All) SPECIAL-TEAMS: not sure how i ended with one gold
(50:42 / All) USIsASHlTHOLE: lol
(50:43 / All) Cupid: 8113 - 2993
(51:03 / All) USIsASHlTHOLE: Blue is killing my towers with my towers, I gave him control
(51:05 / All) Cupid: Teal 5905 2901
(51:14 / All) USIsASHlTHOLE: They probably do this every time
(51:16 / All) brony2369: and no im not fat im a skinny white ass kid
(51:23 / All) USIsASHlTHOLE: I hate ass-kids
(51:28 / All) brony2369: lol
(51:44 / All) SPECIAL-TEAMS: we definitely should have left 2 shades
(51:50 / All) SPECIAL-TEAMS: not sure how ur dark ranger didn't get charm
(51:57 / All) USIsASHlTHOLE: Level 5, never leveled
(51:59 / All) Cupid: Have you ever considered plugging in a toaster and tossing it into the bath?
(52:27 / All) brony2369: once but that was a long time ago
(52:36 / All) SPECIAL-TEAMS: thought orange's name said brolly
(52:38 / All) Cupid: Why didn't you follow through with your sick fantasy?
(52:42 / All) Cupid: No one would have stopped you
(52:49 / All) brony2369: i know lol
(53:04 / All) USIsASHlTHOLE: A pony *and* toaster fetish?
(53:09 / All) SPECIAL-TEAMS: why is blue killing ur towers? he could just, you know, leave
(53:14 / All) USIsASHlTHOLE: Idk
(53:16 / All) brony2369: but then i wouldnt be here playing this game
(53:22 / All) brony2369: now afk for real byes
(53:30 / All) USIsASHlTHOLE: Goodbye
(53:31 / All) USIsASHlTHOLE: GLHF
(53:37 / All) SPECIAL-TEAMS: ok good luck blue and orange, i iwll whisper u tomorrow
(53:38 / All) Cupid: True, it's fortunate for the remaining Warcraft community that you decided to keep on living
(53:42 / All) USIsASHlTHOLE: GL you both
(53:47 / All) Cupid: and slogging through this game called life
(54:10 / All) USIsASHlTHOLE: May the best Internet win.